← All builds
Pond / Cortex / Economy first / OBSERVED BUILD

Fatboy buy

Cortex Pond build order · Supreme Isthmus

Pond pays Tech heavily from before 5 minutes to buy a Fatboy which Tech builds and hands over around 5:15, bringing it to the middle as an early push while still running its own eco.

#push #team support · 68 distinct matches · 20 players · 20% of Cortex Pond games · team won 46% of 68 · Recently observed

THE CATCH, AND WHAT COMES WITH IT
  • FatboyFatboy from Tech arrives 5:15 · 19% of role by thenTech makes it and hands it over.
  • HephaestusHeavy transport from an ally in 79%16% of all Pond games by then

Paid for by sending allies about 1,200 metal and 12,000 energy by 5:00; standard pond sends 450 metal and 13,000 energy.

Where those units first fight, in 64 games with kill data: in the middle 88%, on their own side 13%.

Those units destroy a typical 2,392 metal of enemy units by 15:00.

Then transitions into grunt (31% of army), tick (10% of army), incisor (9% of army).

HOW TO PLAY IT

Key timing: Fatboy by 5:15

  1. Open tidals plus mex and wind for your own standard Pond eco.
  2. Receive a heavy transport from an ally to help move it.
  3. Send Tech heavy metal and energy to fund the Fatboy buy.
  4. Take delivery of the Fatboy from Tech and send it to middle as a push.
  5. Get your lab going and keep boosting front through the T2 transition.

Phase by phase

TYPICAL OF ITS 68 GAMES · AGAINST STANDARD POND
  1. 1
  2. 2
PLAY THE OPENING

Follow the example game's first 6:15 step by step: what to build now, what comes next, and where it goes. At 1× it keeps pace with your own game.

  1. 1

    Up to the Bot Lab

    Economy
    • Metal Extractor4Mex
    • Wind Turbine9Wind
    • Tidal Generator8Tidalfor allies
    • Tidal Generator1Tidal
    • Energy Converter2Converter+2 vs standard
    • Energy Storage1Energy storage
    Order
    1. Bot LabBot Lab after 4 mex, 11 wind, 4 converterdone ~6:02, middle half 3:46–6:54

    By 5:38 in all: 4 mex · 9 wind · 1 tidal · 2 converter (standard 0) · 1 energy storage

    The example game in this phase · 15 steps
    1. Tidal ×2for Suicide front
    2. Tidal
    3. Tidal ×6for Suicide front
    4. Tidal
    5. Tidalfor Geo
    6. Mex ×3
    7. Wind
    8. Mex
    9. Wind ×3
    10. Energy storage
    11. Wind
    12. Wind ×6
    13. Converter ×4
    14. Wind ×5
    15. Energy storage
  2. 2

    Bot Lab to 10:00

    Economy
    • Wind Turbine1Wind−6 vs standard

    Some games also: con turret (47%) · con bot (43%) · grunt (43%) · converter (37%)

    The standard build makes here, this one skips: 2 converter

    By 10:00 in all: 4 mex · 16 wind · 1 tidal · 4 converter · 1 energy storage · 1 con turret

    The example game in this phase · 108 steps
    1. Converter ×2
    2. Bot LabBot Labdone 6:27
    3. Con turret
    4. TickTick ×2
    5. Converter
    6. TickTick ×2
    7. Converter
    8. TickTick ×3
    9. Converter
    10. TickTick ×2
    11. Converter
    12. TickTick ×3
    13. Converter
    14. Advanced Metal ExtractorT2 mexdone 8:37 · typical 10:04
    15. TickTick ×3
    16. Converter
    17. TickTick ×2
    18. Wind
    19. TickTick ×2
    20. Wind
    21. TickTick ×2
    22. Wind
    23. TickTick ×2
    24. Wind
    25. TickTick
    26. Wind
    27. TickTick ×2
    28. Wind
    29. TickTick
    30. Wind
    31. TickTick ×2
    32. Wind
    33. TickTick
    34. Con turret
    35. TickTick ×4
    36. Con turret
    37. Advanced Metal ExtractorT2 mex
    38. TickTick ×7
    39. Con turret
    40. TickTick ×3
    41. Advanced Metal ExtractorT2 mex
    42. TickTick ×14
    43. Advanced Metal ExtractorT2 mex
    44. Wind
    45. TickTick ×2
    46. Wind
    47. TickTick ×2
    48. Wind
    49. TickTick
    50. Wind
    51. TickTick ×2
    52. Wind
    53. TickTick
    54. Wind
    55. TickTick ×2
    56. Wind
    57. TickTick ×2
    58. Wind
    59. Construction BotCon bot
    60. Wind ×2
    61. TickTick
    62. Wind
    63. TickTick ×3
    64. Wind
    65. TickTick ×3
    66. Bot LabBot Labdone 11:41
    67. Wind
    68. TickTick
    69. Fusion ReactorFusiondone 12:47
    70. TickTick ×5
    71. Con turret
    72. TickTick ×2
    73. Wind
    74. TickTick ×3
    75. Con turret
    76. TickTick ×2
    77. Wind
    78. TickTick ×14
    79. Wind
    80. TickTick ×11
    81. Wind
    82. TickTick ×4
    83. CitadelAnti-nukedone 13:57
    84. TickTick ×4
    85. Wind
    86. TickTick ×8
    87. Wind
    88. TickTick ×14
    89. Wind
    90. TickTick ×9
    91. Wind
    92. TickTick ×22
    93. Converter
    94. TickTick ×2
    95. T2 converter
    96. TickTick ×2
    97. Converter
    98. TickTick ×16
    99. Converter
    100. TickTick ×14
    101. Converter
    102. TickTick ×2
    103. T2 converter
    104. TickTick ×3
    105. Bot LabBot Labnot finished by 15:00
    106. TickTick
    107. Converter
    108. TickTick ×6

Counts are medians over the build's games: half of them build more, half fewer. The example game is [Grump]Matsuri's (40 OS, 22/09/2026); pick another.

Team trades

IN AT LEAST 30% OF ITS GAMES

You hand over

  • Tidal Generator8 Tidal to Suicide front or Frontfirst at 0:09 · in 100% of games

You get

  • Hephaestus1 Heavy transport from Air or Techfirst at 4:40 · in 79% of games
  • Fatboy1 Fatboy from Techfirst at 5:14 · in 100% of games
  • Advanced Construction Bot1 T2 con bot from Techfirst at 8:16 · in 93% of games

How it plays out

Typical game of this build against the role’s standard build, running totals by minute

  • This build
  • Standard pond

Metal produced

010k20k
0:005:0010:0015:00

metal

Enemy metal destroyed

02k4k6k
0:005:0010:0015:00

metal

Own metal lost

02k4k
0:005:0010:0015:00

metal

Metal sent to allies

01k2k
0:005:0010:0015:00

metal

Energy sent to allies

020k40k60k
0:005:0010:0015:00

metal

68 games.

Show as table
ByMetal produced: This buildMetal produced: Standard pondEnemy metal destroyed: This buildEnemy metal destroyed: Standard pondOwn metal lost: This buildOwn metal lost: Standard pondMetal sent to allies: This buildMetal sent to allies: Standard pondEnergy sent to allies: This buildEnergy sent to allies: Standard pond
1:0011511500000010371052
2:0027528500000023402848
3:0083382200000040174945
4:001522149400004554363618188
5:0022712257000011794481241613143
6:0030803137000014347301772117257
7:0039574016115007015539761980320608
8:00467548501071249161161168510272155228447
9:00550763231768555618511170410272371429716
10:0064528183256712401140859171010272371430120
11:00771697922974154616691231172810272561831305
12:009083120743424169722581405174910272753134728
13:0010539140323947188627781586175210272852442543
14:0012629163914381246332282530175610272976045040
15:0014880186524862301038583482180710273015349057
WHAT THE NUMBERS SAY

Won slightly less than the standard build despite the Fatboy destroying a similar amount of metal by 15:00.

  • + Enemy metal destroyed at 10:00 is roughly double the standard build (2567 vs 1240).
  • + Early heavy transport arrives by 4:40 in 79% of games, far above the 16% role norm.
  • − Own metal production falls well behind standard by 10:00 (6452 vs 8183).
  • − Own losses by 15:00 run higher than standard (3858 vs 3482).
THE EXAMPLE YOU ARE READING

[Grump]Matsuri

39.5 OS · 22/09/2026

Open source match ↗

7 received units · includes a constructor
1613 metal received · 73587 energy received

Allied construction assistance is unknown. Timings are observations, not a promise of solo reproducibility.

Typical milestones

Bot Lab6:02Middle 50%: 3:46–6:54 · n=41
Advanced Metal Extractor10:04Middle 50%: 9:22–10:47 · n=64

Played most by

[Grump]Matsuri17games of this buildzeus_on_god10games of this buildMischievousDragonGF8games of this buildNazarid8games of this buildJustSomeGuy4games of this build

Supporting games

Pick a game to read and play it above.

JustSomeGuy06/10/2026 · 41 OS↗JustSomeGuy06/10/2026 · 41 OS↗[Grump]Matsuri05/10/2026 · 38 OS↗s0uthy05/10/2026 · 39 OS↗zeus_on_god04/10/2026 · 38 OS↗zeus_on_god04/10/2026 · 38 OS↗zeus_on_god02/10/2026 · 38 OS↗s0uthy02/10/2026 · 38 OS↗[Grump]Matsuri22/09/2026 · 40 OS↗
32 more of 60, the most recentzeus_on_god02/10/2026 · 38 OS↗[Grump]Matsuri02/10/2026 · 40 OS↗zeus_on_god27/09/2026 · 37 OS↗DoctorPinguins26/09/2026 · 37 OS↗zeus_on_god26/09/2026 · 37 OS↗[Grump]Matsuri26/09/2026 · 39 OS↗[Grump]Matsuri25/09/2026 · 39 OS↗[Grump]Matsuri25/09/2026 · 39 OS↗[Grump]Matsuri25/09/2026 · 39 OS↗[Grump]Matsuri25/09/2026 · 39 OS↗[Grump]Matsuri25/09/2026 · 39 OS↗MischievousDragonGF25/09/2026 · 43 OS↗PongoPygmaeus24/09/2026 · 36 OS↗PongoPygmaeus23/09/2026 · 36 OS↗zeus_on_god23/09/2026 · 37 OS↗zeus_on_god21/09/2026 · 38 OS↗[Grump]Matsuri21/09/2026 · 39 OS↗[Grump]Matsuri21/09/2026 · 39 OS↗zeus_on_god20/09/2026 · 37 OS↗[Grump]Matsuri19/09/2026 · 41 OS↗armjanus17/09/2026 · 42 OS↗MischievousDragonGF16/09/2026 · 41 OS↗[Cookie]Maco15/09/2026 · 52 OS↗MischievousDragonGF15/09/2026 · 42 OS↗MischievousDragonGF15/09/2026 · 42 OS↗MischievousDragonGF15/09/2026 · 42 OS↗MischievousDragonGF15/09/2026 · 42 OS↗Viltrum13/09/2026 · 41 OS↗MischievousDragonGF13/09/2026 · 41 OS↗zeus_on_god13/09/2026 · 39 OS↗MischievousDragonGF10/09/2026 · 39 OS↗
Supreme Isthmus v2.1
Beyond All Reason test-31368-8379d65
Naval balance tweaks off